 Dungeon Crawl Stone Soup version 0.27-a0-760-gc38aae387d (webtiles) character file.

Game seed: 3109309779454355586

101 Lanoc the Conjurer (level 4, -10/31 HPs)
             Began as a Demonspawn Conjurer on Mar 26, 2021.
             Was an Initiate of Ashenzari.
             Killed by divine providence
             ... invoked by an orc priest
              (16 damage)
             ... on level 3 of the Dungeon.
             The game lasted 00:04:42 (3039 turns).

Lanoc the Conjurer (Demonspawn Conjurer)            Turns: 3039, Time: 00:04:43

Health: -10/31     AC:  4    Str:  7    XL:     4   Next: 48%
Magic:  4/7        EV: 12    Int: 20    God:    Ashenzari [......]
Gold:   50         SH:  0    Dex: 12    Spells: 4/7 levels left

rFire    . . .     SeeInvis .   h - +0 whip (venom)
rCold    . . .     Faith    .   (no shield)
rNeg     . . .     Spirit   .   a - +0 robe
rPois    .         Reflect  .   (no helmet)
rElec    .         Harm     .   (no cloak)
rCorr    .         Rampage  .   (no gloves)
Will     .....                  (no boots)
Stlth    ++........             (no amulet)
HPRegen  0.10/turn              (no ring)
MPRegen  0.10/turn              (no ring)

@: no status effects
A: rugged brown scales 2
a: Renounce Religion, Curse Item


You were on level 3 of the Dungeon.
You worshipped Ashenzari.
Ashenzari was noncommittal.
You visited 1 branch of the dungeon, and saw 3 of its levels.

You collected 50 gold pieces.

Inventory:

Hand Weapons
 h - a +0 whip of venom (weapon)
Armour
 a - a +0 robe (worn)
Potions
 b - 2 potions of lignification
 c - 2 potions of invisibility
 d - a potion of berserk rage
 e - a potion of ambrosia
 f - 2 potions of might
 g - a potion of magic


   Skills:
 + Level 2.7 Dodging
 - Level 1.7 Stealth
 - Level 2.0 Spellcasting
 * Level 5.4 Conjurations


You had 4 spell levels left.
You knew the following spells:

 Your Spells              Type           Power      Damage    Failure   Level
a - Magic Dart            Conj           92%        1d7       1%          1
b - Searing Ray           Conj           46%        3d4       2%          2

Your spell library contained the following spells:

 Spells                   Type           Power      Damage    Failure   Level
 Dazzling Flash           Conj/Hex       24%        N/A       16%         3
 Fulminant Prism          Conj/Hex       6%         3d7       45%         4
 Iskenderun's Mystic Bla  Conj/Tloc      12%        2d5       45%         4


Dungeon Overview and Level Annotations

Branches:
Dungeon (3/15)

Altars:
Ashenzari
Dithmenos
Fedhas
Nemelex Xobeh
Okawaru
Xom

Shops:
D:2 (   D:3 *


Innate Abilities, Weirdness & Mutations

You are mostly covered in rugged brown scales. (AC +2, +5% HP)


Message History

Beogh smites you!
* * * LOW HITPOINT WARNING * * *
You are confused.
You feel invigorated.
You bump into the rock wall.
The orc priest hits you but does no damage.
You barely miss the orc priest. The orc priest closely misses you.
You're too confused to move!
An orc comes into view. It is wielding a +0 club.
The orc priest calls down the wrath of Beogh upon you.
You barely resist.
You bump into the rock wall.
The orc priest hits you with a +1 war axe of flaming.
The orc priest burns you.
You feel less invigorated.
You feel less confused.
Casting: Searing Ray (safe; 2% risk of failure)
Confirm with . or Enter, or press ? or * to list all spells.
Aiming: Searing Ray (safe; 2% risk of failure)
Press: ? - help, Shift-Dir - straight line, f - orc priest
Aim: an orc priest, wielding a +1 war axe of flaming (22% to evade)
The searing ray misses the orc priest. (Press . to maintain the ray.)
The orc priest hits you with a +1 war axe of flaming!
The orc priest burns you.
The searing ray hits the orc priest!
The orc priest is heavily wounded.
The searing ray hits the orc!
You kill the orc!
The orc priest hits you with a +1 war axe of flaming.
* * * LOW HITPOINT WARNING * * *
The orc priest burns you.
* * * LOW HITPOINT WARNING * * *
The searing ray hits the orc priest!
The orc priest is almost dead.
The orc priest invokes the aid of Beogh against you.
Beogh smites you!
Ouch! That really hurt!
You die...
Xom is highly amused!

..#.#####.#.#.#.......#
..#.......#..>.)....###
#########.#.##.####.#
##.#....#....#
#...#####.####
##...#####.# #
##..........# #
##⌠.⌠.######### ##
#.._...))..o@.# .#
#.⌠.⌠.#######.# .#
#.....# .# .## ##.##.#
.# ..####.#.o# .#
.......#..# +#
#.####....# #.####.##o#
.......##.#


You could see an orc priest.

Vanquished Creatures
  2 adders (D:2)
  A worm (D:2)
  4 dart slugs
  4 orcs (D:3)
  4 endoplasms
  2 giant cockroaches
  6 goblins
  3 hobgoblins
  4 jackals (D:1)
  8 kobolds
  4 quokkas (D:1)
  9 ball pythons
  3 bats
  A frilled lizard (D:2)
  8 rats
63 creatures vanquished.

Notes
Turn   | Place    | Note
-------+----------+-------------------------------------------
     0 | D:1      | Lanoc the Demonspawn Conjurer began the quest for the Orb.
     0 | D:1      | Reached XP level 1. HP: 13/13 MP: 3/3
   240 | D:1      | Gained mutation: You are partially covered in rugged brown
                  | scales. (AC +1, +3% HP) [demonic ancestry]
   240 | D:1      | Reached XP level 2. HP: 13/19 MP: 1/5
   759 | D:1      | Gained mutation: You are mostly covered in rugged brown
                  | scales. (AC +2, +5% HP) [demonic ancestry]
   759 | D:1      | Reached XP level 3. HP: 19/25 MP: 3/6
  1031 | D:1      | Learned a level 2 spell: Searing Ray
  1499 | D:2      | Reached skill level 5 in Conjurations
  1610 | D:2      | Found an iron altar of Okawaru.
  1791 | D:2      | Found a shimmering altar of Xom.
  1803 | D:2      | Became a worshipper of Xom of Unknown Intent
  1819 | D:2      | Reached XP level 4. HP: 31/31 MP: 5/7
  1912 | D:2      | XOM: divination: magic mapping
  2084 | D:2      | Found Donke's Antique Weapon Shop.
  2197 | D:2      | Found a broken altar of Ashenzari.
  2199 | D:2      | XOM: silly message
  2201 | D:2      | Fell from the grace of Xom
  2201 | D:2      | Became a worshipper of Ashenzari the Shackled
  2210 | D:2      | Found a shadowy altar of Dithmenos.
  2665 | D:3      | XOM: noise
  2716 | D:3      | Found a blossoming altar of Fedhas.
  2814 | D:3      | Found Erghyhiu's General Store.
  3003 | D:3      | Found a sparkling altar of Nemelex Xobeh.
  3039 | D:3      | Killed from afar by an orc priest

Illustrated notes

Levels and vault maps discovered:
D:1:      minmay_arrival_jagged, layout_loops_ring, minmay_tromino_i4
D:2:      cheibrodos_old_hovel, layout_basic, lemuel_round_altar,
          xom_teletrap_fun, amethyst_overflow_temple_binary, serial_shops,
          shop_fountains, grunt_ministairs_14, ebering_dispersal_statue_hall
D:3:      layout_basic, lemuel_crystal_altar, nemelex_xobeh_ov_fountains_minmay,
          serial_shops, shop

Skill      XL: |  1  2  3 |
---------------+----------+-----
Dodging        | 2 |  2.7
Conjurations   | 5 |  5.4
Stealth        | |  1.7
Spellcasting   | |  2.0

Action                   |  1- 3 |  4- 6 || total
-------------------------+-------+-------++-------
Melee: Short sword       |     9 |       ||     9
       Unarmed           |     2 |       ||     2
       Whip              |       |     1 ||     1
 Cast: Magic Dart        |    82 |    36 ||   118
       Searing Ray       |     2 |     2 ||     4
  Use: Potion            |       |     1 ||     1
Armor: Robe              |     5 |     3 ||     8
Dodge: Dodged            |     8 |     6 ||    14

Table legend: (Time is in decaauts)
 A = Elapsed time spent in this place.
 B = Non-inter-level travel time spent in this place.
 C = Inter-level travel time spent in this place.
 D = Time resting spent in this place.
 E = Time spent auto-exploring this place.
 F = Levels seen in this place.
 G = Mean time per level.
                   A        B        C        D        E       F      G
               +--------+--------+--------+--------+--------+-----+--------+
         Total |   3038 |   3015 |     23 |      0 |   2740 |   3 | 1012.7 |
       Dungeon |   3038 |   3015 |     23 |      0 |   2740 |   3 | 1012.7 |
               +--------+--------+--------+--------+--------+-----+--------+

Top non-repeatable levels by time:
     D:1: 1396 daAuts
     D:2: 1269 daAuts
     D:3: 373 daAuts
